 Dungeon Crawl Stone Soup version 0.20.0-15-g7f486f2 (webtiles) character file.

184 zhorgal the Poker (level 5, 0/41 HPs)
             Began as a Merfolk Skald on June 10, 2017.
             Slain by a gnoll
             ... wielding a +0 spear
              (7 damage)
             ... on level 2 of the Dungeon.
             The game lasted 00:12:10 (2828 turns).

zhorgal the Poker (Merfolk Skald)                   Turns: 2828, Time: 00:12:11

Health: 0/41       AC:  1    Str: 11    XL:     5   Next: 63%
Magic:  8/8        EV: 13    Int: 13    God:
Gold:   56         SH:  0    Dex: 14    Spells: 3/8 levels left

rFire    . . .     SeeInvis .   l - +0 dagger (venom)
rCold    . . .     Gourm    .   (no shield)
rNeg     . . .     Faith    .   (no armour)
rPois    .         Spirit   .   h - +0 helmet
rElec    .         Reflect  .   (no cloak)
rCorr    .         Harm     .   (no gloves)
MR       .....                  (no boots)
Stlth    +.........             (no amulet)
Regen    0.2/turn               (no ring)
MPRegen  0.2/turn               (no ring)

@: very slightly contaminated
A: change form in water, swift swim, stealthy swim
a: no special abilities


You were on level 2 of the Dungeon.
You were hungry.

You visited 1 branch of the dungeon, and saw 2 of its levels.

You collected 56 gold pieces.

Inventory:

Hand Weapons
 a - a +0 spear
 g - a +0 halberd
 l - a +0 dagger of venom (weapon)
Armour
 b - a +0 leather armour
 h - a +0 helmet (worn)
 q - a +0 ring mail
 r - a +0 scale mail
Jewellery
 f - an uncursed ring of wizardry {unknown}
Wands
 o - a wand of polymorph (16/24)
 s - a wand of polymorph (10/24)
Scrolls
 e - a scroll of remove curse
Potions
 i - a potion of curing
 m - a potion of flight {unknown}
 p - a potion of cancellation {unknown}
Books
 c - a book of Battle

   Spells                             Type                      Level
   a - Infusion                       Charms                       1
   b - Shroud of Golubria             Charms/Translocation         2
   c - Song of Slaying                Charms                       2
   d - Spectral Weapon                Hexes/Charms                 3
   e - Regeneration                   Charms/Necromancy            3
Comestibles
 d - 2 bread rations
 n - 2 meat rations


   Skills:
 + Level 3.1 Fighting
 * Level 6.8 Polearms
 - Level 0.6 Armour
 + Level 2.6 Dodging
 - Level 2.0 Spellcasting
 - Level 4.1 Charms


You had 3 spell levels left.
You knew the following spells:

 Your Spells              Type           Power        Failure   Level  Hunger
a - Infusion              Chrm           ##..         4%          1    ##.....
b - Song of Slaying       Chrm           ##......     7%          2    ###....
c - Shroud of Golubria    Chrm/Tloc      #.........   16%         2    ###....


Dungeon Overview and Level Annotations

Branches:
Dungeon (2/15)

Altars:


Message History

The gnoll closely misses you. The gnoll hits you with a spear!
You hit the gnoll but do no damage.
The gnoll is poisoned.
The gnoll hits you with a spear!
You hit the gnoll but do no damage.
The gnoll looks even sicker.
The gnoll barely misses you.
You closely miss the gnoll.
The gnoll is moderately wounded.
The gnoll hits you with a spear.
You closely miss the gnoll.
The gnoll is moderately wounded.
The gnoll hits you with a spear!
* * * LOW HITPOINT WARNING * * *
You hit the gnoll.
The gnoll looks as sick as possible!
The gnoll is moderately wounded.
The gnoll barely misses you.
You hit the gnoll but do no damage.
The gnoll looks as sick as possible!
The gnoll is moderately wounded.
The gnoll hits you with a spear!
You die...

.PP# ###.#..#...#.P≈♣P.......###
.#.## #....#...#..≈≈≈#........#
....# ##.(.#...##..≈.#........#
##..# #.#.#...##....#.........
##..# #.......###.#.#........#
##..######..#.####
#.#.#....)...+
#......###.#†..####.#.#........#
##.###........#...# .(#.........
.#.# #..........@.## #........#
.#.# #.......#...g.# #........#
.#.# #.............# #........#
.#.# ########.#....# #####.####
.#.# ########.#....# #.. )#.#
#......#......# .#.#
#......##.....#
.#)###......##.....#
............###....#


You could see a gnoll.

Vanquished Creatures
  Natasha (thrice) (D:2)
  Robin (D:2)
  3 gnolls (D:1)
  A worm (D:2)
  2 dart slugs (D:1)
  9 bats
  2 giant cockroaches (D:1)
  10 goblins
  7 hobgoblins (D:2)
  A jackal (D:2)
  2 ball pythons
  2 frilled lizards
  12 kobolds
  6 rats
61 creatures vanquished.

Notes
Turn   | Place    | Note
-------+----------+-------------------------------------------
     0 | D:1      | zhorgal the Merfolk Skald began the quest for the Orb.
     0 | D:1      | Reached XP level 1. HP: 16/16 MP: 3/3
   221 | D:1      | Reached skill level 4 in Polearms
   221 | D:1      | Reached XP level 2. HP: 21/22 MP: 1/5
   659 | D:1      | Reached skill level 5 in Polearms
   659 | D:1      | Reached XP level 3. HP: 11/27 MP: 6/6
   867 | D:1      | Learned a level 2 spell: Song of Slaying
   870 | D:1      | Learned a level 2 spell: Shroud of Golubria
  1539 | D:2      | Reached XP level 4. HP: 30/33 MP: 7/7
  1558 | D:2      | Reached skill level 6 in Polearms
  1829 | D:2      | Noticed Natasha
  1835 | D:2      | Killed Natasha
  1843 | D:2      | Noticed Natasha
  1872 | D:2      | Killed Natasha
  1872 | D:2      | Reached XP level 5. HP: 8/39 MP: 0/8
  2143 | D:2      | Noticed Natasha
  2161 | D:2      | Killed Natasha
  2344 | D:2      | Noticed Robin
  2352 | D:2      | Killed Robin
  2828 | D:2      | Slain by a gnoll

Skill      XL: |  1  2  3  4  5 |
---------------+----------------+-----
Polearms       | 4 5 6 |  6.8
Charms         | 4 |  4.1
Fighting       | 3 |  3.1
Armour         | |  0.6
Dodging        | |  2.6
Spellcasting   | |  2.0

Action                   |  1- 3 |  4- 6 || total
-------------------------+-------+-------++-------
Melee: Spear             |    38 |       ||    38
       Dagger            |    96 |    74 ||   170
       Unarmed           |       |    17 ||    17
 Cast: Infusion          |     3 |     5 ||     8
       Shroud of Golubri |       |     1 ||     1
  Use: Scroll            |       |     5 ||     5
       Potion            |       |     1 ||     1
 Stab: Distracted        |     1 |       ||     1
       Confused          |       |     1 ||     1
  Eat: Chunk             |     2 |     4 ||     6
Armor: Leather armour    |    34 |    12 ||    46
       Skin              |       |     4 ||     4
Dodge: Dodged            |    91 |    56 ||   147
